 Dungeon Crawl Stone Soup version 0.19.5 (webtiles) character file.

81 tidbits the Shooter (level 4, 20/29 HPs)
             Began as a High Elf Hunter on Oct 29, 2017.
             Quit the game on level 3 of the Dungeon.
             The game lasted 00:06:17 (673 turns).

tidbits the Shooter (High Elf Hunter)                Turns: 673, Time: 00:06:17

Health: 20/29      AC:  5    Str: 12    XL:     4   Next: 20%
Magic:  5/5        EV: 11    Int: 15    God:
Gold:   27         SH:  0    Dex: 15    Spells: 0 memorised, 3 levels left

rFire  . . .     SeeInvis .     g - -1 blowgun (curse)
rCold  . . .     Gourm    .     B - +0 ring mail
rNeg   . . .     Faith    .     (no shield)
rPois  +         Spirit   .     (no helmet)
rElec  .         Reflect  .     (no cloak)
rCorr  .         Harm     .     (no gloves)
MR     .....                    (no boots)
Stlth  +.........               (no amulet)
                                (no ring)
                                P - ring of poison resistance

@: no status effects
A: no striking features
a: no special abilities


You were on level 3 of the Dungeon.
You were not hungry.

You visited 1 branch of the dungeon, and saw 3 of its levels.

You collected 27 gold pieces.

Inventory:

Hand Weapons
 a - a +0 short sword
 b - a +1 shortbow
 g - a cursed -1 blowgun (weapon)
   (You took it off a kobold on level 3 of the Dungeon)
Missiles
 d - 7 arrows
 i - 14 stones
 m - 6 poisoned needles (quivered)
Armour
 f - a +0 leather armour
 B - a +0 ring mail (worn)
   (You found it on level 1 of the Dungeon)
Jewellery
 P - a ring of poison resistance (left hand)
   (You found it on level 1 of the Dungeon)
Potions
 e - a potion of ambrosia {unknown}
 h - a potion of berserk rage {unknown}
 j - a potion of flight {unknown}
Comestibles
 c - a bread ration


   Skills:
 - Level 2.0 Fighting
 + Level 7.6 Bows
 - Level 2.1 Dodging
 - Level 1.1 Stealth


You had 3 spell levels left.
You didn't know any spells.

Dungeon Overview and Level Annotations

Branches:
Dungeon (3/15)

Altars:

Annotations:
D:3 Terence


Message History

Aim: an orc You shoot an arrow.
The arrow completely misses the rat.
The arrow hits the orc.
The orc is heavily wounded.
The rat bites you.
Firing (i - inventory. (,) - cycle):
d - 6 arrows (quivered)
Press: ? - help, Shift-Dir - straight line, f/p - orc
Aim: an orc (heavily wounded)
You shoot an arrow. The arrow hits the rat!
You kill the rat!
Firing (i - inventory. (,) - cycle):
d - 5 arrows (quivered)
Press: ? - help, Shift-Dir - straight line, f/p - orc
Aim: an orc (heavily wounded)
You shoot an arrow. The arrow barely misses the orc.
The orc hits you.
a - a +0 short sword (weapon)
You hit the orc.
You kill the orc!
Things that are here:
2 arrows; an orc corpse; a rat corpse
d - 6 arrows (gained 2)
A bat comes into view.
You see here an arrow.
d - 7 arrows (gained 1)
You hit the bat.
You kill the bat!
You open the door.
A frilled lizard and a kobold come into view.
The kobold shouts!
The frilled lizard hisses angrily.
The kobold throws a stone.
The stone misses you.
Found a grey potion.
The kobold throws a stone.
The stone barely misses you.
There is an open door here.
You see here a stone.
The frilled lizard bites you.
The kobold throws a stone.
The stone hits you but does no damage.
Things that are here:
a stone; a grey potion You barely miss the frilled lizard.
The frilled lizard closely misses you.
The kobold throws a stone.
The stone hits you but does no damage.
You hit the frilled lizard but do no damage.
The frilled lizard barely misses you.
You barely miss the frilled lizard. The frilled lizard closely misses you.
You miss the frilled lizard. The frilled lizard misses you.
There is an open door here.
You see here a stone.
You hit the frilled lizard but do no damage.
The frilled lizard misses you.
You barely miss the frilled lizard. The frilled lizard misses you.
You hit the frilled lizard.
You kill the frilled lizard!
Your ring mail prevents you from hitting the kobold.
The kobold closely misses you.
You hit the kobold.
You kill the kobold!
There is an open door here.
You see here a stone.
Things that are here:
2 stones; a grey potion
e - a grey potion A rat comes into view.
Found a slice of pizza.
A bat comes into view.
The bat hits you.
You hit the bat but do no damage. The bat hits you but does no damage.
You closely miss the rat. The bat hits you. The rat barely misses you.
You closely miss the bat. The bat barely misses you.
The rat bites you but does no damage. The bat hits you but does no damage.
The bat hits you but does no damage.
You closely miss the rat. The bat closely misses you.
The rat barely misses you. The bat barely misses you.
You completely miss the bat. The bat hits you but does no damage.
You closely miss the rat. The bat barely misses you.
The rat bites you but does no damage.
You hit the rat.
You kill the rat!
The bat closely misses you.
You hit the bat but do no damage. The bat hits you but does no damage.
You hit the bat but do no damage. The bat barely misses you.
You miss the bat. The bat hits you but does no damage. x2
You closely miss the bat. The bat hits you but does no damage. x2
You barely miss the bat. The bat hits you.
You barely miss the bat. The bat barely misses you.
The bat hits you but does no damage.
You hit the bat.
You kill the bat!
Terence the Incautious comes into view.
He is wielding a trident.
Adjust (i)tems, (s)pells, or (a)bilities?
Adjust which item? (? for menu, Esc to quit)
l - a blowgun Adjust to which letter? (? for menu, Esc to quit)
g - a blowgun Wield which item (- for none, * to show all)? (? for menu, Esc to quit)
It sticks to your hand!
g - a cursed -1 blowgun (weapon)
As you read the scroll labeled XOTZIDW ODYOM, it crumbles to dust.
It is a scroll of recharging.
You aren't carrying any rechargeable items.
Are you sure you want to abandon this character and quit the game? (Confirm with "yes".)

.###.#+#.....##.#
####
#......#######.#
..
...#.............
.. #..........#
.. #..........#
.. #.#+######.#
.. #...## # .
#.##....##.####
#......@......+
#........%...##
#............#
#...........##
..............#
.#..@.........#
.............#
#............#


You could see Terence.

Vanquished Creatures
  The ghost of tidbits the Skirmisher, a weakling HEWn (D:3)
  An adder (D:2)
  A worm (D:2)
  A dart slug (D:1)
  An orc (D:3)
  A ball python (D:3)
  A giant cockroach (D:1)
  A goblin (D:3)
  2 hobgoblins (D:1)
  4 bats
  3 frilled lizards
  8 kobolds
  6 rats
31 creatures vanquished.

Notes
Turn   | Place    | Note
-------+----------+-------------------------------------------
     0 | D:1      | tidbits the High Elf Hunter began the quest for the Orb.
     0 | D:1      | Reached XP level 1. HP: 14/14 MP: 2/2
   176 | D:1      | Reached XP level 2. HP: 17/19 MP: 3/3
   200 | D:2      | Reached skill level 6 in Bows
   396 | D:2      | Reached XP level 3. HP: 21/24 MP: 4/4
   464 | D:3      | Noticed tidbits's ghost (weakling HEWn)
   493 | D:3      | Killed tidbits's ghost
   493 | D:3      | Reached skill level 7 in Bows
   493 | D:3      | Reached XP level 4. HP: 18/29 MP: 5/5
   670 | D:3      | Noticed Terence
   673 | D:3      | Quit the game

Skill      XL: |  1  2  3 |
---------------+----------+-----
Bows           | 6 7 |  7.6
Fighting       | |  2.0
Dodging        | |  2.1
Stealth        | |  1.1

Action                   |  1- 3 |  4- 6 || total
-------------------------+-------+-------++-------
Melee: Short sword       |     9 |    25 ||    34
       Unarmed           |     8 |       ||     8
 Fire: Shortbow          |    75 |     3 ||    78
  Use: Potion            |     2 |       ||     2
       Scroll            |       |     1 ||     1
Armor: Leather armour    |     3 |       ||     3
       Ring mail         |     8 |    14 ||    22
       Skin              |     7 |       ||     7
Dodge: Dodged            |    28 |    18 ||    46

Table legend:
 A = Turns spent in this place as a percentage of turns spent in the entire game.
 B = Non-inter-level travel turns spent in this place as a percentage of non-inter-level travel turns spent in the entire game.
 C = Inter-level travel turns spent in this place as a percentage of turns spent in this place.
 D = Turns resting spent in this place as a percentage of non-inter-level travel turns spent in this place.
 E = Turns spent auto-exploring this place as a percentage of non-inter-level travel turns spent in this place.
 F = Non-inter-level travel turns spent in this place divided by the number of levels of this place that you've seen.
                   A       B       C       D       E      F
               +-------+-------+-------+-------+-------+----------------------
         Total | 100.0 | 100.0 |   0.0 |   0.0 |   0.0 | 206.0
       Dungeon | 100.0 | 100.0 |   0.0 |   0.0 |   0.0 | 206.0
               +-------+-------+-------+-------+-------+----------------------

Table legend:
 A = Kills in this place as a percentage of kills in entire the game.
 B = Kills by you in this place as a percentage of kills by you in the entire game.
 C = Kills by friends in this place as a percentage of kills by friends in the entire game.
 D = Other kills in this place as a percentage of other kills in the entire game.
 E = Experience gained in this place as a percentage of experience gained in the entire game.
 F = Experience gained in this place divided by the number of levels of this place that you have seen.
                   A       B       C       D       E      F
               +-------+-------+-------+-------+-------+----------------------
         Total | 100.0 | 100.0 |  -nan |  -nan | 100.0 |  39.0
       Dungeon | 100.0 | 100.0 |  -nan |  -nan | 100.0 |  39.0
               +-------+-------+-------+-------+-------+----------------------

Vault maps used:
D:1:      lightli_arrival_boilingwater, minmay_tromino_i2
D:2:      okawaru_ov_weapons_minmay
D:3:      lemuel_blue_sif_altar, uniq_terence
